 Dungeon Crawl Stone Soup version 0.32-a0-18-g89e19f1974 (webtiles) character file.

Game seed: 15184387769477435213

1243 Gargoyl the Chopper (level 8, 0/50 HPs)
             Began as a Gargoyle Berserker on Jan 16, 2024.
             Was a Believer of Trog.
             Slain by a wight
             ... wielding a +3 great sword of freezing
              (1 damage)
             ... on level 6 of the Dungeon.
             The game lasted 00:06:16 (4399 turns).

Gargoyl the Chopper (Gargoyle Berserker)            Turns: 4399, Time: 00:06:16

Health: 0/50       AC: 22    Str: 20    XL:     8   Next: 50%
Magic:  8/8        EV:  6    Int:  9    God:    Trog [**....]
Gold:   267        SH:  0    Dex: 11    Spells: 7/7 levels left

rFire   . . .        a - +1 hand axe
rCold   . . .        (no shield)
rNeg    + . .        h - +0 plate armour
rPois   ∞            f - +1 helmet
rElec   +            n - +0 cloak
rCorr   .            b - +0 pair of gloves {hurl}
SInv    .            (no boots)
Will    .....        (no amulet) Stlth
                     r - ring of flight
HPRegen 0.28/turn    (no ring)
MPRegen 0.11/turn

%: no passive effects
@: mighty, on berserk cooldown, flying, slowed, very slow
A: sickness immunity, AC +5, negative energy resistance 1, electricity
resistance, torment resistance 1, petrification resistance
a: Renounce Religion, Berserk, Trog's Hand


You were on level 6 of the Dungeon.
You worshipped Trog.
Trog was pleased with you.
You visited 1 branch of the dungeon, and saw 6 of its levels.

You collected 267 gold pieces.

Inventory:

Hand Weapons
 a - a +1 hand axe (weapon)
 g - a +4 spear
 m - a +3 heavy war axe
Missiles
 c - 3 throwing nets (quivered)
Armour
 b - a +0 pair of gloves of hurling (worn)
 f - a +1 helmet (worn)
 h - a +0 plate armour (worn)
 n - a +0 cloak (worn)
Jewellery
 r - a ring of flight (left hand)
Wands
 k - a wand of light (2)
Scrolls
 d - 2 scrolls of identify
 l - a scroll of blinking
 o - 2 scrolls of poison
 p - a scroll of vulnerability
Potions
 i - a potion of resistance {unknown}
 j - a potion of curing {unknown}


   Skills:
 + Level 5.5 Fighting
 + Level 7.4 Axes
 + Level 5.3 Armour
 + Level 2.4 Dodging
 + Level 0.1 Stealth


You had 7 spell levels left.
You didn't know any spells.
Your spell library was empty.

Dungeon Overview and Level Annotations

Branches:
Dungeon (6/15)             Temple (0/1) D:4

Altars:
Ashenzari
Nemelex Xobeh
Ru
Trog
Vehumet
Zin


Innate Abilities, Weirdness & Mutations

You are immune to sickness and miasma.
Your stone body is resilient. (AC +5)
You are immune to poison.
You resist negative energy. (rN+)
You are resistant to electric shocks. (rElec)
You are resistant to unholy torment.
You are immune to petrification.


Message History

The wight hits you but does no damage.
Unknown command.
You hit the wight.
The wight is lightly damaged.
You hit the wight.
The wight hits you but does no damage. x2
Unknown command.
You slash the wight!
You destroy the wight!
Trog accepts your kill.
You closely miss the wight. The wight hits you but does no damage.
The wight hits you with a +0 battleaxe!
* * * LOW HITPOINT WARNING * * *
Unknown command.
Unknown command.
You barely miss the wight.
The wight is heavily damaged.
Your skin stops crawling.
You feel less strong-willed. The wight barely misses you.
You hit the wight.
The wight is heavily damaged.
The wight hits you but does no damage.
You hit the wight.
The wight is severely damaged.
You barely miss the wight. The wight barely misses you.
The wight hits you with a +3 great sword of freezing.
* * * LOW HITPOINT WARNING * * *
The wight freezes you.
* * * LOW HITPOINT WARNING * * *
You hit the wight.
The wight is almost destroyed.
You hit the wight.
The wight hits you but does no damage. x2
Unknown command.
You slash the wight!
You destroy the wight!
Trog accepts your kill.
You slash the wight!
The wight hits you with a +3 great sword of freezing.
* * * LOW HITPOINT WARNING * * *
The wight freezes you.
You die...

#.#. ...
#.#. .. #.#.
#.. #.#. #
#.. #...
.#.#..# #...
.......##
#...
.....(z)#
#.#. #@#
#######.#.
#.#
#....^..#.
#.#
#.####....
#.### #....
#...# #....
#...# #.#.#
#.... #...#
#.#.# #....
##...###.#.#
####'
#........#.#
#.


You could see a wight.

Vanquished Creatures
  A water moccasin (D:6)
  A black bear (D:5)
  An ogre (D:4)
  2 bullfrogs
  4 wights (D:6)
  2 hounds (D:5)
  2 jellies
  4 bombardier beetles
  An orc priest (D:5)
  5 orc wizards
  A gnoll bouda (D:5)
  5 gnolls (D:5)
  5 adders
  2 ufetubi (D:6)
  4 dart slugs
  4 ribbon worms
  17 orcs
  5 bats
  10 endoplasms
  4 giant cockroaches
  11 goblins
  5 hobgoblins
  9 jackals
  4 kobolds
  3 quokkas
  6 ball pythons
  4 frilled lizards
  A rat (D:1)
123 creatures vanquished.

Notes
Turn   | Place    | Note
-------+----------+-------------------------------------------
     0 | D:1      | Gargoyl the Gargoyle Berserker began the quest for the Orb.
     0 | D:1      | Reached XP level 1. HP: 14/14 MP: 1/1
    18 | D:1      | Reached XP level 2. HP: 19/19 MP: 2/2
   290 | D:1      | Reached skill level 3 in Axes
   315 | D:1      | Found a faded altar of an unknown god.
   736 | D:2      | Reached XP level 3. HP: 24/24 MP: 3/3
   806 | D:2      | Identified the +9 mace of Poverty {heavy, Str+5 Int-5}
   913 | D:2      | Reached ** piety under Trog
  1272 | D:2      | Reached XP level 4. HP: 15/29 MP: 4/4
  1584 | D:2      | Found a sacrificial altar of Ru.
  1769 | D:3      | Found a radiant altar of Vehumet.
  1770 | D:3      | Found a glowing silver altar of Zin.
  1772 | D:3      | Found a broken altar of Ashenzari.
  2026 | D:3      | Reached skill level 4 in Axes
  2026 | D:3      | Reached XP level 5. HP: 33/33 MP: 5/5
  2648 | D:4      | Found a bloodstained altar of Trog.
  2790 | D:4      | Found a staircase to the Ecumenical Temple.
  2864 | D:4      | Reached XP level 6. HP: 39/39 MP: 6/6
  3084 | D:4      | Reached skill level 5 in Axes
  3312 | D:5      | Entered Level 5 of the Dungeon
  3399 | D:5      | Reached XP level 7. HP: 44/44 MP: 7/7
  3541 | D:5      | Reached skill level 6 in Axes
  3577 | D:5      | Found a sparkling altar of Nemelex Xobeh.
  3745 | D:5      | Reached skill level 5 in Fighting
  4016 | D:5      | Reached XP level 8. HP: 42/49 MP: 8/8
  4018 | D:5      | Identified a scroll of acquirement
  4018 | D:5      | Acquired a +3 heavy war axe
  4371 | D:6      | Reached skill level 7 in Axes
  4389 | D:6      | Reached skill level 5 in Armour
  4397 | D:6      | HP: 2/50 [wight/+3 great sword of freezing (3)]
  4399 | D:6      | Slain by a wight

Illustrated notes

Levels and vault maps discovered:
D:1:      psy_arrival_terrarium, layout_basic, basic_ecumenical_altar
D:2:      layout_loops_ring, basic_altar
D:3:      layout_basic, nicolae_overflow_hidden_temple
D:4:      layout_basic, trog_hazing_becter, minmay_temple_entry_wispy
D:5:      layout_loops_ring, general_overflow_altar
D:6:      layout_basic

Skill      XL: |  1  2  3  4  5  6  7  8 |
---------------+-------------------------+-----
Axes           | 3 4 5 6 7 |  7.4
Dodging        | 2 |  2.4
Fighting       | 4 5 |  5.5
Armour         | 3 4 5 |  5.3
Stealth        | |  0.1

Action                     |  1- 3 |  4- 6 |  7- 9 || total
---------------------------+-------+-------+-------++-------
  Melee: Hand axe          |   135 |   192 |   145 ||   472
         Punch             |     1 |     2 |     1 ||     4
 Invoke: Berserk           |     3 |     9 |     5 ||    17
         Trog's Hand       |       |       |     1 ||     1
    Use: Scroll            |       |     5 |     4 ||     9
         Potion            |       |     3 |     1 ||     4
 Armour: Animal skin       |    85 |       |       ||    85
         Plate armour      |     2 |   179 |   207 ||   388
  Dodge: Dodged            |   109 |    75 |    76 ||   260

Table legend: (Time is in decaauts)
 A = Elapsed time spent in this place.
 B = Non-inter-level travel time spent in this place.
 C = Inter-level travel time spent in this place.
 D = Time resting spent in this place.
 E = Time spent auto-exploring this place.
 F = Levels seen in this place.
 G = Mean time per level.
                   A        B        C        D        E       F      G
               +--------+--------+--------+--------+--------+-----+--------+
         Total |   4589 |   4464 |    125 |    457 |   2692 |   6 |  764.8 |
       Dungeon |   4589 |   4464 |    125 |    457 |   2692 |   6 |  764.8 |
               +--------+--------+--------+--------+--------+-----+--------+

Top non-repeatable levels by time:
     D:2: 1114 daAuts
     D:4: 1021 daAuts
     D:5: 909 daAuts
     D:1: 721 daAuts
     D:3: 596 daAuts
     D:6: 226 daAuts
